 Seeded DCSS version 0.28-a0-1567-g1695149f81 (webtiles) character file.

Game seed: 117 (custom seed)

69 knot the Chopper (level 4, 33/35 HPs)
             Began as a Demonspawn Berserker on Jan 19, 2022.
             Was a Believer of Trog.
             Quit the game on level 2 of the Dungeon.
             The game lasted 00:01:14 (2399 turns).

knot the Chopper (Demonspawn Berserker)             Turns: 2399, Time: 00:01:14

Health: 33/35      AC:  4    Str: 18    XL:     4   Next: 2%
Magic:  4/4        EV: 12    Int: 10    God:    Trog [**....]
Gold:   102        SH:  0    Dex: 12    Spells: 3/3 levels left

rFire   . . .      SeeInvis .   a - +0 hand axe
rCold   . . .      Faith    .   (no shield)
rNeg    . . .      Spirit   .   b - +0 animal skin
rPois   .          Reflect  .   (helmet restricted)
rElec   .          Harm     .   (no cloak)
rCorr   .          Rampage  .   (no gloves)
Will    .....                   (no boots)
Stlth   +.........              d - amulet of magic regeneration
HPRegen 0.11/turn               (no ring)
MPRegen 0.49/turn               (no ring)

@: no status effects
A: antennae 1, icy blue scales 1
a: Renounce Religion, Berserk, Trog's Hand


You were on level 2 of the Dungeon.
You worshipped Trog.
Trog was pleased with you.
You visited 1 branch of the dungeon, and saw 2 of its levels.

You collected 102 gold pieces.

Inventory:

Hand Weapons
 a - a +0 hand axe (weapon)
Missiles
 c - 31 stones (quivered)
Armour
 b - a +0 animal skin (worn)
Jewellery
 d - an amulet of magic regeneration (around neck)
Scrolls
 e - 3 scrolls of identify {unknown}
Potions
 f - a potion of might {unknown}
 g - a potion of resistance {unknown}
 h - a potion of curing {unknown}


   Skills:
 - Level 3.0 Fighting
 + Level 4.5 Axes
 - Level 1.7 Armour
 - Level 1.7 Dodging


You had 3 spell levels left.
You didn't know any spells.
Your spell library was empty.

Dungeon Overview and Level Annotations

Branches:
Dungeon (2/15)

Altars:


Innate Abilities, Weirdness & Mutations

You have a pair of small antennae on your head.
You are partially covered in icy blue scales. (AC +2)


Message History

No target in view!
No target in view!
Unknown command.
You feel sick.
You see here a jackal corpse.
You feel a strong urge to attack something.
You feel sick.
You are no longer poisoned.
You feel your anger nearly subside.
You are no longer berserk.
You are exhausted.
You feel yourself slow down.
There is a stone staircase leading up here.
You start resting.
You feel yourself speed up.
You start resting.
You recover from your berserk rage.
You start resting.
HP restored.
c - 31 stones (gained 20)
You see here a jackal corpse.
You sense a monster nearby.
A dart slug comes into view.
A dart slug is nearby!
A dart slug is nearby!
A dart slug is nearby!
The dart slug launches a dart at you. The slug dart misses you.
You hit the dart slug.
The dart slug is moderately wounded.
The dart slug bites you.
You hit the dart slug.
The dart slug is severely wounded.
You hit the dart slug.
You kill the dart slug!
Trog accepts your kill.
A giant cockroach comes into view.
You have reached level 4!
You feel stronger.
Your demonic ancestry asserts itself...
Icy blue scales grow over part of your body.
Are you sure you want to abandon this character and quit the game? (Confirm with "yes".)

#######
#...@.#
#.#.#.#
#.#.B.
#####.#####
#...#.#...#
#.#.#.#.#.#
#.#.....#.#
#.#######.#
#.# #..#


You could see a giant cockroach (wandering).

Vanquished Creatures
  2 adders (D:2)
  A worm (D:2)
  2 dart slugs
  3 bats (D:1)
  An endoplasm (D:1)
  3 giant cockroaches (D:1)
  3 hobgoblins
  7 jackals
  4 quokkas
  2 ball pythons
  A frilled lizard (D:1)
  4 goblins
  5 kobolds (D:1)
  3 rats
41 creatures vanquished.

Notes
Turn   | Place    | Note
-------+----------+-------------------------------------------
     0 | D:1      | knot the Demonspawn Berserker began the quest for the Orb.
     0 | D:1      | Reached XP level 1. HP: 18/18 MP: 1/1
    87 | D:1      | Reached skill level 3 in Axes
   323 | D:1      | Gained mutation: You have a pair of small antennae on your
                  | head. [demonic ancestry]
   323 | D:1      | Reached XP level 2. HP: 18/24 MP: 2/2
   816 | D:1      | Found a faded altar of an unknown god.
  1217 | D:1      | Reached XP level 3. HP: 25/29 MP: 3/3
  1716 | D:2      | Reached skill level 4 in Axes
  2210 | D:2      | Reached ** piety under Trog
  2399 | D:2      | Gained mutation: You are partially covered in icy blue
                  | scales. (AC +2) [demonic ancestry]
  2399 | D:2      | Reached XP level 4. HP: 33/35 MP: 4/4
  2399 | D:2      | Quit the game

Illustrated notes

Levels and vault maps discovered:
D:1:      matt_arrival_grand_opening, layout_rooms,
          hellmonk_ecumenical_altar_blasted, hangedman_decor_push,
          chequers_jeans, minmay_small_reverse_x
D:2:      layout_basic, kennysheep_path_1, minmay_misc_feat_ornament

Skill      XL: |  1  2  3 |
---------------+----------+-----
Axes           | 3 4 |  4.5
Fighting       | |  3.0
Armour         | |  1.7
Dodging        | |  1.7

Action                   |  1- 3 |  4- 6 || total
-------------------------+-------+-------++-------
Melee: Hand axe          |    88 |       ||    88
       Punch             |     2 |       ||     2
Throw: Stone             |     1 |       ||     1
Invok: Berserk           |     6 |       ||     6
Armor: Animal skin       |    12 |       ||    12
Dodge: Dodged            |    84 |       ||    84

Table legend: (Time is in decaauts)
 A = Elapsed time spent in this place.
 B = Non-inter-level travel time spent in this place.
 C = Inter-level travel time spent in this place.
 D = Time resting spent in this place.
 E = Time spent auto-exploring this place.
 F = Levels seen in this place.
 G = Mean time per level.
                   A        B        C        D        E       F      G
               +--------+--------+--------+--------+--------+-----+--------+
         Total |   2477 |   2438 |     39 |   1539 |    698 |   2 | 1238.5 |
       Dungeon |   2477 |   2438 |     39 |   1539 |    698 |   2 | 1238.5 |
               +--------+--------+--------+--------+--------+-----+--------+

Top non-repeatable levels by time:
     D:1: 1779 daAuts
     D:2: 698 daAuts
